 Dungeon Crawl Stone Soup version 0.27.1-4-g1640c2035a (webtiles) character file.

Game seed: 9637980113296870688

445 pkoi the Ruffian (level 6, -3/61 HPs)
             Began as a Troll Monk on Nov 3, 2021.
             Was an Initiate of Makhleb.
             Slain by a wyvern (13 damage)
             ... on level 5 of the Dungeon.
             The game lasted 00:03:32 (3851 turns).

pkoi the Ruffian (Troll Monk)                       Turns: 3851, Time: 00:03:33

Health: -3/61      AC:  4    Str: 22    XL:     6   Next: 72%
Magic:  5/5        EV: 11    Int:  6    God:    Makhleb [......]
Gold:   213        SH:  0    Dex: 12    Spells: 5/5 levels left

rFire    . . .     SeeInvis .     - Unarmed
rCold    + . .     Faith    .   (no shield)
rNeg     . . .     Spirit   .   a - +0 robe
rPois    .         Reflect  .   (helmet restricted)
rElec    .         Harm     .   (no cloak)
rCorr    .         Rampage  .   (gloves unavailable)
Will     .....                  (boots unavailable)
Stlth    ++........             (no amulet)
HPRegen  1.20/turn              i - ring of protection from cold
MPRegen  0.09/turn              (no ring)

@: no status effects
A: large, unfitting armour, claws 3, regeneration 1, shaggy fur 1, tough skin 1
a: Renounce Religion


You were on level 5 of the Dungeon.
You worshipped Makhleb.
Makhleb was noncommittal.
You visited 1 branch of the dungeon, and saw 6 of its levels.

You collected 213 gold pieces.

Inventory:

Missiles
 c - 12 poisoned darts (quivered)
 g - 2 throwing nets
Armour
 a - a +0 robe (worn)
Jewellery
 i - a ring of protection from cold (left claw)
 p - a +4 ring of evasion
Wands
 f - a wand of flame (15)
 s - a wand of digging (4)
Scrolls
 b - 4 scrolls of identify {unknown}
 d - a scroll of enchant armour {unknown}
 j - a scroll of enchant weapon {unknown}
 k - 2 scrolls of noise {unknown}
 o - 2 scrolls of teleportation {unknown}
Potions
 e - 2 potions of cancellation {unknown}
 h - 2 potions of haste {unknown}
 l - a potion of attraction {unknown}
 m - a potion of degeneration {unknown}
 n - 3 potions of lignification {unknown}
 q - a potion of berserk rage {unknown}
 r - 2 potions of curing {unknown}


   Skills:
 - Level 3.5 Fighting
 + Level 3.8 Dodging
 - Level 1.0 Stealth
 + Level 5.7 Unarmed Combat
 + Level 1.1 Invocations


You had 5 spell levels left.
You didn't know any spells.
Your spell library contained the following spells:

 Spells                   Type           Power      Damage    Failure   Level
 Freeze                   Ice            0%         1d3       45%         1
 Sandblast                Erth           0%         2d4       45%         1
 Passwall                 Tmut/Erth      0%         N/A       58%         2
 Frozen Ramparts          Ice            0%         1d2       83%         3
 Hailstorm                Conj/Ice       0%         3d3       99%         4
 Lee's Rapid Deconstruct  Erth           0%         3d5*      100%        5


Dungeon Overview and Level Annotations

Branches:
Dungeon (6/15)
 Temple: D:4-7

Altars:
Cheibriados
Elyvilon
Makhleb
Ru


Innate Abilities, Weirdness & Mutations

You are too large for most types of armour.
You have claws for hands.
Your natural rate of healing is unusually fast.
You are covered in fur. (AC +1)
You have tough skin. (AC +1)


Message History

You climb downwards.
Found a scroll labelled OHYAC YPYEDOBA.
There is a stone staircase leading up here.
Unknown command.
Unknown command.
k - 2 scrolls labelled OHYAC YPYEDOBA (gained 1)
A wyvern comes into view.
A wyvern is nearby!
A wyvern is nearby!
A wyvern is nearby!
Found 8 stones.
Found a yellow potion.
The wyvern hisses angrily.
The wyvern bites you!
You are too injured to fight recklessly!
You are too injured to fight recklessly!
You closely miss the wyvern.
The wyvern bites you but does no damage.
The wyvern closely misses you.
You claw the wyvern!
The wyvern is heavily wounded.
The wyvern misses you.
You scratch the wyvern but do no damage.
The wyvern is heavily wounded.
The wyvern bites you!
The wyvern bites you but does no damage.
You claw the wyvern!
The wyvern is almost dead.
The wyvern bites you!
* * * LOW HITPOINT WARNING * * *
You barely miss the wyvern. You claw the wyvern, but do no damage.
The wyvern is almost dead.
The wyvern bites you!
* * * LOW HITPOINT WARNING * * *
You closely miss the wyvern. Your claw misses the wyvern.
The wyvern is almost dead.
The wyvern bites you!
* * * LOW HITPOINT WARNING * * *
The wyvern bites you!
You die...

.##############
#.......#
.##...........# .#
#...>....
.##.####.####.# .#
####.####
....###.#.###.# .# #
..# .........#.##.#
.###.# #..
.######...###.###.....#
.#! .#
##........#..!..# .).
######.#.#.....## .##..
........@......# .# ##
##.#..#.#l.....# .##.#
#. ##.#.####.... ... ..
.#..# #.# .#######
(#.#.# # .......#
.#.##.. ).####.# ##..
... h.# .# #. #.
..####.##


You could see a wyvern.

Vanquished Creatures
  Sigmund (D:2)
  A scorpion (D:5)
  An iguana (D:4)
  An orc wizard (D:5)
  Robin (D:2)
  5 adders
  An ufetubus (D:4)
  4 worms
  2 dart slugs
  3 orcs
  4 bats
  5 endoplasms
  A giant cockroach (D:2)
  11 hobgoblins
  4 jackals (D:4)
  3 quokkas
  7 ball pythons
  6 frilled lizards
  17 goblins
  A kobold (D:3)
  A quokka skeleton (D:4)
  7 rats
87 creatures vanquished.

Notes
Turn   | Place    | Note
-------+----------+-------------------------------------------
     0 | D:1      | pkoi the Troll Monk began the quest for the Orb.
     0 | D:1      | Reached XP level 1. HP: 22/22 MP: 0/0
   237 | D:1      | Reached XP level 2. HP: 29/29 MP: 1/1
   427 | D:1      | Found a faded altar of an unknown god.
   954 | D:2      | Noticed Sigmund
   972 | D:2      | Killed Sigmund
   973 | D:2      | Reached skill level 4 in Unarmed Combat
   973 | D:2      | Reached XP level 3. HP: 4/37 MP: 2/2
   973 | D:2      | Reached XP level 4. HP: 5/45 MP: 3/3
   973 | D:2      | Reached XP level 5. HP: 6/53 MP: 4/4
  1042 | D:2      | Reached skill level 5 in Unarmed Combat
  1061 | D:2      | Noticed Robin
  1077 | D:2      | Killed Robin
  1720 | D:3      | You fall into a shaft and drop 3 floors!
  1724 | D:5      | Entered Level 5 of the Dungeon
  1863 | D:3      | Reached XP level 6. HP: 61/61 MP: 5/5
  1912 | D:3      | Found a snail-covered altar of Cheibriados.
  2261 | D:3      | Found a sacrificial altar of Ru.
  2554 | D:3      | Became a worshipper of Ru the Awakened
  3412 | D:4      | Found a white marble altar of Elyvilon.
  3414 | D:4      | Found a burning altar of Makhleb.
  3423 | D:4      | Fell from the grace of Ru
  3423 | D:4      | Became a worshipper of Makhleb the Destroyer
  3631 | D:5      | Noticed a sky beast
  3645 | D:4      | Reached skill level 1 in Invocations
  3842 | D:5      | Noticed a wyvern
  3851 | D:5      | Slain by a wyvern

Illustrated notes

Levels and vault maps discovered:
D:1:      minmay_arrival_jagged, layout_basic,
          hellmonk_ecumenical_altar_inner_sanctum
D:2:      minmay_chambers_of_twos, layout_loops_ring, hangedman_feature_mirror,
          uniq_sigmund, uniq_robin
D:3:      layout_basic, mainiacjoe_overflow_paths,
          nicolae_ru_sacrificial_ziggurat, hangedman_abyss_or_decor_stabs
D:4:      layout_basic, chequers_temple_overflow_statue_of_worship,
          kennysheep_nondescript
D:5:      layout_loops_ring, nicolae_ashenzari_panopticon
D:6:      cheibrodos_thug_alley, layout_rooms, lemuel_doored_altar,
          uniq_eustachio

Skill      XL: |  1  2  3  4  5  6 |
---------------+-------------------+-----
Fighting       | 3 |  3.5
Dodging        | 3 |  3.8
Unarmed Combat | 4 5 |  5.7
Invocations    | 1 |  1.1
Stealth        | |  1.0

Action                   |  1- 3 |  4- 6 || total
-------------------------+-------+-------++-------
Melee: Unarmed           |    72 |   149 ||   221
       Punch             |     1 |     2 ||     3
 Stab: Sleeping          |     5 |     5 ||    10
Armor: Robe              |    17 |    24 ||    41
Dodge: Dodged            |    22 |    69 ||    91
